 Dungeon Crawl Stone Soup version 0.32-a0-20-ge526923d97 (webtiles) character file.

Game seed: 8942059021262110293

4 Newt the Ruffian (level 1, 0/7 HPs)
             Began as an Octopode Shapeshifter on Jan 17, 2024.
             Frozen to death by an endoplasm (5 damage)
             ... on level 1 of the Dungeon.
             The game lasted 00:00:12 (169 turns).

Newt the Ruffian (Octopode Shapeshifter)             Turns: 169, Time: 00:00:12

Health: 0/7        AC:  1    Str: 13    XL:     1   Next: 60%
Magic:  1/1        EV: 17    Int: 12    God:
Gold:   14         SH:  0    Dex: 11    Spells: 0/0 levels left

rFire   . .          .
                       - Unarmed
rCold   . . .        (shield currently unavailable)
rNeg    . . .        (helmet restricted)
rPois   .            (no amulet)
rElec   .            (no ring)
rCorr   .            (no ring)
SInv    .            (no ring)
Will    .....        (no ring)
Stlth   +            (no ring)
HPRegen 0.21/turn    (no ring)
MPRegen 0.07/turn    (no ring)
                     (no ring)

%: no passive effects
@: flux-form, glowing
A: glow, contaminating, reduced hp, almost no armour, amphibious, 8 rings,
camouflage 1, gelatinous body 1, (nimble swimmer 1), tentacles
a: Begin Untransformation


You were on level 1 of the Dungeon.
You were something dangerously unstable.
You visited 1 branch of the dungeon, and saw 1 of its levels.

You collected 14 gold pieces.

Inventory:

Talismans
 b - a beast talisman
 c - a flux talisman (active)
Potions
 a - a potion of lignification


   Skills:
 * Level 1.6 Fighting
 - Level 2.0 Dodging
 - Level 3.0 Unarmed Combat
 - Level 3.0 Shapeshifting


You couldn't memorise any spells.
You didn't know any spells.
Your spell library was empty.

Dungeon Overview and Level Annotations

Branches:
Dungeon (1/15)

Altars:


Innate Abilities, Weirdness & Mutations

You are something dangerously unstable.
You glow with magical radiation, making you easy to see and hit.
Foes you strike become dangerously contaminated with magical radiation.
Your maximum health is decreased, since you lack skill for your form.
You are incapable of wielding weapons or throwing items.
You cannot wear most types of armour.
You are amphibious.
You can wear up to eight rings at the same time.
Your skin changes colour to match your surroundings (Stealth+).
Your rubbery body absorbs attacks. (AC +1, EV +1)
((You are camouflaged when in or above water. (Stealth+)))
You have tentacles for arms and can constrict up to eight enemies at once.


Message History

Found 8 gold pieces.
The kobold shouts!
The bat moves out of view.
A kobold is nearby!
A kobold is nearby! 2 endoplasms come into view.
Found an escape hatch in the floor.
Found a stone staircase leading down.
The endoplasm quivers.
The bat hits you. The bat misses you.
You tentacle-slap the bat but do no damage.
The bat begins to glow.
You grab the bat. You constrict the bat. The bat hits you but does no damage.
The bat struggles to escape constriction.
The bat misses you.
You barely miss the bat.
The bat is moderately wounded.
You constrict the bat. The bat hits you. The kobold completely misses you.
You tentacle-slap the bat but do no damage.
The bat glows dangerously bright.
The bat is moderately wounded.
You constrict the bat. The bat closely misses you.
The kobold hits you with a +0 club. The bat closely misses you.
Unknown command.
You release your grip on the bat.
The bat closely misses you. The kobold attacks as it pursues you!
The kobold barely misses you. The bat completely misses you.
The bat attacks as it pursues you! The bat closely misses you.
The bat barely misses you. The bat hits you. The bat closely misses you.
You tentacle-slap the bat.
You kill the bat!
The endoplasm closely misses you.
You see here a bat corpse.
You tentacle-slap the endoplasm.
The endoplasm begins to glow.
The endoplasm is heavily wounded.
The endoplasm freezes you.
You are frozen.
Ouch! That really hurt!
You die...

..# #.# ..# #.#>#
##.#.# #.. ..#.#
#.# #.#.# #.# #.#.#
#.# #p#J# ##$## #.#
#J#.#...... #.#
#KJK.....#
##.######.#.##.>...
#.........#... ###
#..######........
#..# ########.#
#..# #.# #..#######
#.#


You could see 2 endoplasms and a kobold.

Vanquished Creatures
  A bat (D:1)
  A giant cockroach (D:1)
  A goblin (D:1)
  A rat (D:1)
4 creatures vanquished.

Notes
Turn   | Place    | Note
-------+----------+-------------------------------------------
     0 | D:1      | Newt the Octopode Shapeshifter began the quest for the Orb.
     0 | D:1      | Reached XP level 1. HP: 13/13 MP: 1/1
   169 | D:1      | Frozen to death by an endoplasm

Illustrated notes

Levels and vault maps discovered:
D:1:      roadster_arrival_rocket_small, layout_loops_ring,
          hellmonk_ecumenical_altar_lost_god

Action                     || total
---------------------------++-------
  Melee: Unarmed           ||     8
         Constrict         ||     2
         Tentacles         ||     2
 Armour: Skin              ||     5
  Dodge: Dodged            ||    12
   Form: Flux              ||     1

Table legend: (Time is in decaauts)
 A = Elapsed time spent in this place.
 B = Non-inter-level travel time spent in this place.
 C = Inter-level travel time spent in this place.
 D = Time resting spent in this place.
 E = Time spent auto-exploring this place.
 F = Levels seen in this place.
 G = Mean time per level.
                   A        B        C        D        E       F      G
               +--------+--------+--------+--------+--------+-----+--------+
         Total |    168 |    168 |      0 |      0 |    138 |   1 |  168.0 |
       Dungeon |    168 |    168 |      0 |      0 |    138 |   1 |  168.0 |
               +--------+--------+--------+--------+--------+-----+--------+

Top non-repeatable levels by time:
     D:1: 168 daAuts
